 Dungeon Crawl Stone Soup version 0.30.0-19-g36f170ea60 (webtiles) character file.

Game seed: 6179103010993457680

42 cdecastro the Shooter (level 3, 0/27 HPs)
             Began as a Formicid Hunter on May 26, 2023.
             Slain by a jackal (3 damage)
             ... on level 2 of the Dungeon.
             The game lasted 00:01:38 (168 turns).

cdecastro the Shooter (Formicid Hunter)              Turns: 168, Time: 00:01:38

Health: 0/27       AC:  3    Str: 17    XL:     3   Next: 77%
Magic:  3/3        EV: 12    Int:  8    God:
Gold:   17         SH:  0    Dex: 17    Spells: 2/2 levels left

rFire   . . .        a - +0 shortbow
rCold   . . .        (no shield)
rNeg    . . .        c - +0 leather armour
rPois   .            (helmet unavailable)
rElec   .            (no cloak)
rCorr   .            (no gloves)
SInv    +            (no boots)
Will    .....        (no amulet)
Stlth   ++           (no ring)
HPRegen 0.24/turn    (no ring)
MPRegen 0.08/turn

%: no passive effects
@: no status effects
A: permanent stasis, dig shafts and tunnels, antennae 3, four strong arms
a: Dig, Shaft Self


You were on level 2 of the Dungeon.
You visited 1 branch of the dungeon, and saw 2 of its levels.

You collected 17 gold pieces.

Inventory:

Hand Weapons
 a - a +0 shortbow (weapon)
Armour
 c - a +0 leather armour (worn)
Scrolls
 b - a scroll of immolation
Potions
 d - a potion of invisibility {unknown}


   Skills:
 - Level 2.1 Fighting
 + Level 5.2 Ranged Weapons
 - Level 1.7 Dodging
 - Level 1.2 Stealth


You had 2 spell levels left.
You didn't know any spells.
Your spell library contained the following spells:

 Spells                   Type           Power      Damage    Failure   Level
 Ignite Poison            Fire/Tmut/Pois 0%         N/A       85%         3
 Sticky Flame             Conj/Fire      0%         2d3       99%         4
 Ignition                 Fire           0%         3d3       100%        8


Dungeon Overview and Level Annotations

Branches:
Dungeon (1/15)

Altars:


Innate Abilities, Weirdness & Mutations

You cannot be hasted, slowed, berserked, paralysed or teleported.
You can dig through walls and to a lower floor.
You have a pair of large antennae on your head. (SInv)
Your four strong arms can wield two-handed weapons with a shield.


Message History

Aim: a jackal (56% to hit)
You shoot an arrow. The arrow closely misses the jackal.
The arrow closely misses the goblin.
The jackal completely misses you.
Fire: a) +0 shortbow
Press: ? - help, Q - select action, (/) - cycle Shift-Dir - straight line, f/p - jackal
Aim: a jackal (56% to hit)
You shoot an arrow.
The arrow hits the jackal but does no damage.
The jackal bites you.
* * * LOW HITPOINT WARNING * * *
The jackal closely misses you.
Fire: a) +0 shortbow
Press: ? - help, Q - select action, (/) - cycle Shift-Dir - straight line, f/p - jackal
Aim: a jackal (56% to hit)
You shoot an arrow. The arrow barely misses the jackal.
The arrow misses the goblin.
The jackal barely misses you. The jackal bites you.
* * * LOW HITPOINT WARNING * * *
Fire: a) +0 shortbow
Press: ? - help, Q - select action, (/) - cycle Shift-Dir - straight line, f/p - jackal
Aim: a jackal (56% to hit)
You shoot an arrow. The arrow closely misses the jackal.
The arrow hits the goblin!
You kill the goblin!
The jackal bites you but does no damage.
The jackal barely misses you.
Fire: a) +0 shortbow
Press: ? - help, Q - select action, (/) - cycle Shift-Dir - straight line, f/p - jackal
Aim: a jackal (56% to hit)
You shoot an arrow. The arrow closely misses the jackal.
The jackal completely misses you.
Unknown command.
Fire: a) +0 shortbow
Press: ? - help, Q - select action, (/) - cycle Shift-Dir - straight line, f/p - jackal
Aim: a jackal (56% to hit)
You shoot an arrow.
The arrow hits the jackal but does no damage.
The jackal closely misses you. The jackal bites you.
You die...

#.# #.# #.# # ..
#.###.#....
####...g......
#g....h.B#####
#†########
#.#####.###
#..)@h)...#
#.#######.# #.#
{ .#######.###.#
.............#
########........
####.##.. .# .


You could see a jackal.

Vanquished Creatures
  Jessica (D:2)
  2 bats
  An endoplasm (D:1)
  A giant cockroach (D:1)
  2 goblins
  2 hobgoblins (D:1)
  2 jackals (D:2)
  A quokka (D:1)
  A kobold (D:1)
13 creatures vanquished.

Notes
Turn   | Place    | Note
-------+----------+-------------------------------------------
     0 | D:1      | cdecastro the Formicid Hunter began the quest for the Orb.
     0 | D:1      | Reached XP level 1. HP: 16/16 MP: 1/1
    91 | D:1      | Reached XP level 2. HP: 22/22 MP: 2/2
   117 | D:1      | You fall into a shaft and drop 1 floor!
   133 | D:2      | Noticed Jessica
   159 | D:2      | Killed Jessica
   160 | D:2      | Reached skill level 5 in Ranged Weapons
   160 | D:2      | Reached XP level 3. HP: 4/27 MP: 3/3
   168 | D:2      | Slain by a jackal

Illustrated notes

Levels and vault maps discovered:
D:1:      saegor_arrival_simple_e, layout_basic,
          shapermc_ecumenical_altar_rom_forum, st_stairs_14
D:2:      layout_loops_ring, basic_altar, uniq_jessica, uniq_terence,
          uniq_sigmund

Skill      XL: |  1  2 |
---------------+-------+-----
Ranged Weapons | 5 |  5.2
Fighting       | |  2.1
Dodging        | |  1.7
Stealth        | |  1.2

Action                     || total
---------------------------++-------
   Fire: Shortbow          ||    48
Ability: Dig               ||     1
 Armour: Leather armour    ||    17
  Dodge: Dodged            ||    34
